 Dungeon Crawl Stone Soup version 0.14-a0-2061-g6c6fb9c (webtiles) character file.

3003 Kae the Martial Artist (level 9, -1/64 HPs)
             Began as a Pale Draconian Transmuter on Jan 21, 2014.
             Was a Follower of Sif Muna.
             Splashed by a jelly's acid (10 damage)
             ... on Level 8 of the Dungeon.
             The game lasted 00:12:52 (9418 turns).

Kae the Martial Artist (Pale Draconian Transmuter)  Turns: 9418, Time: 00:12:52

HP  -1/64        AC  7     Str 12      XL: 9   Next: 33%
MP  14/14        EV 12     Int 14      God: Sif Muna [*.....]
Gold 407         SH  0     Dex 20      Spells:  3 memorised,  6 levels left

rFire  x . .     SeeInvis .       - Unarmed
rCold  + . .     Clarity  .     (armour unavailable)
rNeg   . . .     Conserve .     (no shield)
rPois  .         rCorr    .     (helmet restricted)
rElec  .         rRot     .     (no cloak)
SustAb . .       Spirit   .     (no gloves)
rMut   .         Warding  .     t - -1 pair of boots
Saprov . . .     Stasis   .     (no amulet)
MR     .....                    w - cursed ring of ice
                                r - +5 ring of dexterity

@: appendage (expiring), drained, not resistant to hostile enchantments, fairly
stealthy
A: breathe steam, unfitting armour, horns 2, AC +7
a: Breathe Steam, End Transformation, Channel Energy, Renounce Religion


You were on level 8 of the Dungeon.
You worshipped Sif Muna.
Sif Muna was aware of your devotion.
You were hungry.
You had grown temporary horns.
You visited 2 branches of the dungeon, and saw 9 of its levels.

You collected 407 gold pieces.

Inventory:

Missiles
 b - 100 arrows
 G - 16 arrows of frost
Armour
 t - a -1 pair of boots (worn)
Magical devices
 h - a wand of confusion (11)
 y - a wand of draining (8) {unknown}
 R - a wand of fire (4) {unknown}
Comestibles
 a - 4 bread rations
 v - a beef jerky
 C - 3 apples
 D - 5 meat rations
 I - a pear
 J - 14 cheeses
 Q - a slice of pizza
Scrolls
 c - a scroll of fear
 e - 6 scrolls of identify
 f - 2 scrolls of enchant armour {unknown}
 g - 6 scrolls of random uselessness
 j - a scroll of noise {unknown}
 k - 4 scrolls of remove curse {unknown}
 m - 3 scrolls of enchant weapon II {unknown}
 q - 2 scrolls of immolation {unknown}
 s - 5 scrolls of teleportation {unknown}
 A - a scroll of enchant weapon I {unknown}
 H - a scroll of fog {unknown}
 L - a scroll of recharging {unknown}
 M - a scroll of curse armour {unknown}
Jewellery
 r - a +5 ring of dexterity (left hand)
 w - a cursed ring of ice (right hand)
Potions
 l - a potion of invisibility
 n - 2 potions of paralysis {unknown}
 o - a potion of resistance {unknown}
 u - a potion of magic {unknown}
 x - a potion of brilliance {unknown}
 z - a potion of restore abilities {unknown}
 B - a potion of poison {unknown}
 E - a potion of might {unknown}
 F - 5 potions of curing {unknown}
 N - a potion of speed {unknown}
Books
 d - a book of Changes

   Spells                             Type                      Level
   *Beastly Appendage                 Transmutation                1
   *Sticks to Snakes                  Transmutation                2
   *Spider Form                       Transmutation/Poison         3
   Ice Form                           Ice/Transmutation            4
   Blade Hands                        Transmutation                5
 K - a book of the Dragon

   Spells                             Type                      Level
   Flight                             Charms/Air                   3
   Cause Fear                         Hexes                        4
   Bolt of Fire                       Conjuration/Fire             6
   Dragon Form                        Transmutation                7
   Summon Dragon                      Summoning                    9


   Skills:
 - Level 1.1(0.7) Fighting
 - Level 1.7(1.3) Dodging
 * Level 10.9(10.4) Unarmed Combat
 - Level 2.0(1.6) Spellcasting
 + Level 7.4(6.9) Transmutations


You had 6 spell levels left.
You knew the following spells:

 Your Spells              Type           Power        Failure   Level  Hunger
a - Beastly Appendage     Trmt           ###...       1%          1    ##.....
b - Sticks to Snakes      Trmt           ###.......   2%          2    ###....
c - Spider Form           Trmt/Pois      ##........   21%         3    ####...


Dungeon Overview and Level Annotations

Branches:
Dungeon (8/16)             Temple (1/1) D:6
   Lair: D:8-11

Altars:
Cheibriados
Dithmengos
Elyvilon
Fedhas
Makhleb
Nemelex Xobeh
Sif Muna
Trog
Vehumet
Xom
the Shining One

Shops:
D:6 }

Annotations:
D:8 Maurice


Innate Abilities, Weirdness & Mutations

You can breathe blasts of scalding steam.*
Your pale cyan-grey scales are hard (AC +7).*
Your body does not fit into most forms of armour.
Your cold-blooded metabolism reacts poorly to cold.
You have a pair of horns on your head.*


Message History

* * * LOW HITPOINT WARNING * * *
Drink which item? (? for menu, Esc to quit)
You feel much better. The jelly hits you.
You are splashed with acid!
The acid burns!
* * * LOW HITPOINT WARNING * * *
The wight hits you but does no damage.
Read which item? (? for menu, Esc to quit)
You can't read that!
Unknown command.
Read which item? (? for menu, Esc to quit)
As you read the scroll labeled WAEPTO NUOSEY, it crumbles to dust.
Nothing appears to happen.
The jelly hits you but does no damage. The wight barely misses you.
Read which item? (? for menu, Esc to quit)
As you read the scroll labeled VUNWEUNWAW, it crumbles to dust.
Your ring of ice glows black for a moment.
It was a scroll of curse jewellery.
The jelly hits you.
* * * LOW HITPOINT WARNING * * *
You are splashed with acid!
The acid burns!
You die...

......##..#####.##****,*
....####..........,, ,,*
########.######.##****,*
.......#.######.* * *
######..........# *,*
#....#######* *,*****
#.#### *, , * #.#
########.##*,** #.#
#.@zzz.....,,, #.#
#J####.....* ,*
#.#########.# *,,,P,* *
#........##.# *,,_,,*,,*
########.##.#***,,,
,*,,* #.##.#,,,,,,,,,,,*
#.##.#,,#*,.#,** *
#.##J#,.##.#*,**,*****
#.##J#,... ..,, ,,,,*


You could see 3 jellies and 3 wights.

Vanquished Creatures
  Eustachio (D:6)
  A hungry ghost (D:7)
  A sky beast (D:6)
  An orc warrior (D:7)
  3 ice beasts
  4 ogres
  2 phantoms
  A yellow wasp (D:7)
  2 giant frogs
  A centaur (D:5)
  2 wights (D:8)
  5 jellies
  3 crimson imps
  4 hounds
  A gnoll shaman (D:8)
  A centaur skeleton (D:6)
  An orange rat (D:7)
  5 worker ants
  A scorpion (D:5)
  Jessica (D:2)
  5 adders
  10 gnolls
  3 green rats (D:7)
  6 worms
  A goliath beetle zombie (D:8)
  An adder zombie (D:6)
  5 grey rats
  A giant eyeball (D:5)
  3 giant geckos
  2 oozes
  7 orcs
  8 giant cockroaches
  8 goblins
  11 hobgoblins
  5 jackals
  12 kobolds
  5 quokkas
  15 bats
  7 giant newts
  A kobold zombie (D:5)
  An orc skeleton (D:4)
  An orc zombie (D:6)
  18 rats
177 creatures vanquished.

Notes
Turn   | Place    | Note
--------------------------------------------------------------
     0 | D:1      | Kae, the Draconian Transmuter, began the quest for the Orb.
     0 | D:1      | Reached XP level 1. HP: 16/16 MP: 3/3
   246 | D:1      | Found a snail-covered altar of Cheibriados.
   291 | D:1      | Reached XP level 2. HP: 15/23 MP: 4/4
   853 | D:2      | Reached XP level 3. HP: 21/28 MP: 6/6
  1369 | D:2      | Reached skill level 4 in Unarmed Combat
  1434 | D:2      | Noticed Jessica
  1482 | D:2      | Killed Jessica
  1482 | D:2      | Reached XP level 4. HP: 17/35 MP: 4/7
  2527 | D:4      | Reached skill level 5 in Unarmed Combat
  2573 | D:4      | Learned a level 2 spell: Sticks to Snakes
  2577 | D:4      | Learned a level 3 spell: Spider Form
  2587 | D:4      | Reached XP level 5. HP: 37/40 MP: 9/9
  3172 | D:4      | Noticed a phantom
  3213 | D:4      | Killed a phantom
  3213 | D:4      | Reached skill level 6 in Unarmed Combat
  3213 | D:4      | Reached XP level 6. HP: 9/47 MP: 8/10
  3453 | D:4      | Noticed an ogre
  3505 | D:4      | Killed an ogre
  3860 | D:5      | Entered Level 5 of the Dungeon
  3874 | D:5      | Paralysed by a giant eyeball for 4 turns
  4121 | D:4      | Reached skill level 7 in Unarmed Combat
  4121 | D:4      | Your scales start fading to a pale cyan-grey colour.
  4121 | D:4      | Reached XP level 7. HP: 35/52 MP: 9/12
  4265 | D:5      | Found a bloodstained altar of Trog.
  5051 | D:5      | Reached skill level 8 in Unarmed Combat
  5051 | D:5      | Reached skill level 5 in Transmutations
  5056 | D:5      | Found a glowing golden altar of the Shining One.
  5108 | D:5      | Found a radiant altar of Vehumet.
  5534 | D:6      | Reached XP level 8. HP: 36/59 MP: 13/13
  5777 | D:6      | Noticed Eustachio
  5946 | D:6      | Killed Eustachio
  5946 | D:6      | Reached skill level 9 in Unarmed Combat
  5971 | D:6      | Found Ghohin's Gadget Shoppe.
  6128 | D:6      | Found a staircase to the Ecumenical Temple.
  6135 | Temple   | Entered the Ecumenical Temple
  6692 | D:6      | Found a deep blue altar of Sif Muna.
  6828 | D:6      | Became a worshipper of Sif Muna the Loreminder
  7235 | D:7      | Reached skill level 10 in Unarmed Combat
  7972 | D:7      | Reached XP level 9. HP: 35/64 MP: 14/14
  9084 | D:8      | Noticed Maurice
  9167 | D:8      | Acquired Sif Muna's first power
  9415 | D:8      | HP: 3/64 [acid (12)]
  9418 | D:8      | Splashed by a jelly's acid

Action                   |  1- 3 |  4- 6 |  7- 9 || total
-------------------------+-------+-------+-------++-------
Melee: Unarmed           |   172 |   219 |   363 ||   754
 Cast: Beastly Appendage |     8 |     9 |    14 ||    31
       Spider Form       |       |     1 |     7 ||     8
  Use: Potion            |     2 |     1 |     1 ||     4
       Scroll            |       |       |     7 ||     7
 Stab: Sleeping          |     1 |     1 |     1 ||     3
